[Event "*** SCC Grand Prix: Titled Tuesday Blitz"]
[Site "Chess.com"]
[Date "2020.06.02"]
[Round "5"]
[White "MergenKakabaev"]
[Black "stolencandy13"]
[Result "0-1"]
[WhiteElo "2393"]
[BlackElo "2562"]
[TimeControl "180+1"]
[EndTime "10:58:32 PDT"]
[Termination "stolencandy13 won on time"]

1. e4 c6 2. d4 d5 3. e5 Bf5 4. h4 h5 5. Bd3 Bxd3 6. Qxd3 e6 7.
Bg5 Qb6 8. Nd2 Ne7 9. Ne2 Nf5 10.
O-O Qa6 11. c4 Bb4 12. b3 Nd7 13. Qc2 Bxd2 14. Bxd2 dxc4 15. bxc4 c5 16. d5 Nxe5 17. dxe6 Qxe6 18. Nf4 Nd4 19. Qe4 Nef3+ 20. gxf3 Qxe4 21. fxe4 Nf3+ 22. Kg2 Nxd2 23. Rfd1 O-O-O 24. Nd5 Nxe4 25. a4 Rh6 26. a5 Rg6+ 27. Kf3 Re8 28. Ra3 Rg4 29. Re3 Rxh4 30. Kg2 Rg4+ 31. Kf1 Nd6 32. Ne7+ Kc7 33. Nd5+ Kb8 34. Rxe8+ Nxe8 35. Ne3 Rd4 36.
Rxd4 cxd4 37. Nf5 d3 38. Ke1 g6 39. Ne3 Nd6 40. Kd2 Ne4+ 0-1

[Event "*** SCC Grand Prix: Titled Tuesday Blitz"]
[Site "Chess.com"]
[Date "2020.06.02"]
[Round "5"]
[White "Gyapiking"]
[Black "OnatB"]
[Result "0-1"]
[WhiteElo "2495"]
[BlackElo "2344"]
[TimeControl "180+1"]
[EndTime "10:58:32 PDT"]
[Termination "OnatB won by resignation"]

1. c4 c5 2. g3 Nc6 3. Bg2 g6 4. Nc3 Bg7 5. a3 a6 6. Rb1 Rb8 7. b4 cxb4 8. axb4 b5 9. cxb5 axb5 10. Nf3 Nf6 11. O-O O-O 12. d4 d6 13. d5 Ne5 14.
Nd4 Bd7 15. f4 Nc4 16. Kh1 Qb6 17. Qd3 Rfc8 18. e3 Ra8 19. Nc6 Bxc6 20. dxc6 e6 21.
e4 Ng4 22. Nd1 Ra2 23. h3 Nf2+ 24. Nxf2 Rxf2 25. e5 d5 26. Ra1 h5 27. f5 gxf5 28.
Bf4 Nxe5 29. Qd1 Ng6 30. Rxf2 Qxf2 31. Rc1 h4 32. Bd6 hxg3 33. c7 f4 34. Qf3 Qxf3 35.
Bxf3 Nh4 36. Be2 f3 37. Bxg3 Nf5 38. Bxb5 Nxg3+ 39. Kh2 Ne2 40. Rc2 Be5+ 41. Kh1 Rxc7 0-1

[Event "*** SCC Grand Prix: Titled Tuesday Blitz"]
[Site "Chess.com"]
[Date "2020.06.02"]
[Round "5"]
[White "not_najdorfs_player"]
[Black "HunterBRR"]
[Result "0-1"]
[WhiteElo "2291"]
[BlackElo "2029"]
[TimeControl "180+1"]
[EndTime "10:58:33 PDT"]
[Termination "HunterBRR won on time"]

1. e4 c5 2. Nf3 Nc6 3. d4 cxd4 4. Nxd4 Nf6 5. Nc3 e5 6. Ndb5 d6 7. Nd5 Nxd5 8. exd5 Nb8 9. c4 Be7 10. Be3 a6 11. Nc3 O-O 12. Be2 f5 13. f3 Nd7 14.
O-O Bg5 15. Bf2 Qf6 16. Qc2 e4 17. fxe4 f4 18. Kh1 Ne5 19. Bd4 Qh6 20. Bxe5 dxe5 21. c5 Bh4 22. Kg1 Rf6 23. Rf3 Rg6 24. Rd3 Bg3 25.
hxg3 fxg3 26. Bf3 Bg4 27. Bxg4 Rxg4 28. Rxg3 Rxg3 29. Qf2 Rg6 30. d6 Rf8 31. Qe2 Qh4 32.
Nd5 Rh6 33. Ne7+ Kh8 34. Nf5 Qh2+ 35. Kf2 g6 0-1

[Event "*** SCC Grand Prix: Titled Tuesday Blitz"]
[Site "Chess.com"]
[Date "2020.06.02"]
[Round "5"]
[White "Alexander_Zubov"]
[Black "Dr-Bassem"]
[Result "1-0"]
[WhiteElo "2970"]
[BlackElo "2795"]
[TimeControl "180+1"]
[EndTime "10:58:34 PDT"]
[Termination "Alexander_Zubov won on time"]

1. d4 e6 2. c4 f5 3. Nc3 Nf6 4. Nf3 Be7 5. Bf4 O-O 6. d5 Nh5 7. Bd2 Qe8 8. g3 Bc5 9. a3 a5 10. Nb5 Na6 11. Bxa5 e5 12. b4 Bxf2+ 13. Kxf2 e4 14.
Nxc7 Nxc7 15. Bxc7 f4 16. Qd4 Ra6 17. Bg2 Rg6 18. c5 d6 19. Bxd6 Rf7 20. Rhg1 fxg3+ 21. hxg3 Nf6 22. Ne5 Ng4+ 23. Ke1 Nxe5 24. Qxe5 Qb5 25. Bxe4 Rgf6 26. Bd3 Qa4 27. Kd2 Qb3 28. Rgb1 Qa4 29. c6 g6 30. Qe8+ Kg7 31. Qxc8 bxc6 32. Be5 cxd5 33. Rf1 Qb3 34. Rxf6 Rxf6 35. Qd7+ 1-0

[Event "*** SCC Grand Prix: Titled Tuesday Blitz"]
[Site "Chess.com"]
[Date "2020.06.02"]
[Round "5"]
[White "Titus369"]
[Black "goofypenguin96"]
[Result "0-1"]
[WhiteElo "2574"]
[BlackElo "2271"]
[TimeControl "180+1"]
[EndTime "10:58:34 PDT"]
[Termination "goofypenguin96 won by resignation"]

1. e4 e6 2. d4 d5 3. Nd2 c5 4. Ngf3 Nc6 5. exd5 exd5 6. Bb5 Nf6 7. O-O Be7 8. dxc5 Bxc5 9. Re1+ Be6 10. Nb3 Bb6 11.
Nbd4 O-O 12. Nxe6 fxe6 13. Rxe6 Bxf2+ 14. Kxf2 Qb6+ 15. Kf1 Qxb5+ 16. Qe2 Qb6 17. c3 Qc7 18. Kg1 Ne4 19. Qd3 Nc5 20. Qxd5 Nxe6 21. Qxe6+ Kh8 22.
Qe2 Rae8 23. Qf2 Ne5 24. Be3 Ng4 25. Qh4 Nxe3 26. Ng5 h6 27. Re1 Nf5 28. Rxe8 Rxe8 29. Qh5 Qb6+ 30. Kf1 Rf8 31. Nf7+ Kg8 32. Qxf5 Rxf7 33.
Qxf7+ Kxf7 34. g3 Qxb2 35. g4 Ke6 36. g5 hxg5 37. c4 Ke5 38. h4 Ke4 39. c5 Kf3 40. a4 0-1

[Event "*** SCC Grand Prix: Titled Tuesday Blitz"]
[Site "Chess.com"]
[Date "2020.06.02"]
[Round "5"]
[White "GMartin_Petrov"]
[Black "Saxar85"]
[Result "0-1"]
[WhiteElo "2562"]
[BlackElo "2733"]
[TimeControl "180+1"]
[EndTime "10:58:35 PDT"]
[Termination "Saxar85 won by resignation"]

1. e4 g6 2. d4 Bg7 3. Nc3 d6 4. Be3 a6 5. h4 Nf6 6. f3 Nbd7 7. a4 b6 8. Qd2 Bb7 9. g4 h6 10. Bh3 e6 11. Nge2 Qe7 12. O-O-O O-O-O 13. Bg2 Kb8 14. Ng3 c5 15. h5 g5 16. Rhe1 Ne8 17. d5 Ne5 18. Qe2 Nc7 19. Bf1 Rhe8 20. Qf2 Qd7 21.
Kb1 Ka8 22. dxe6 fxe6 23. a5 Qc6 24. axb6 Qxb6 25. Na4 Qa5 26. b3 Nb5 27. Bd2 Qc7 28.
c4 Nd4 29. Ka2 Rb8 30. Bc3 Ndxf3 31. Be2 Nxe1 32. Rxe1 Bc6 33. Nb2 Rf8 34. Qe3 Rf4 35. Rd1 Rbf8 36. Qd2 Nf3 37. Qxd6 Qxd6 38. Rxd6 Bxc3 39.
Rxc6 Nd4 40. Rxa6+ Kb7 41. Rd6 Rf2 42. Na4 Bb4 0-1

[Event "*** SCC Grand Prix: Titled Tuesday Blitz"]
[Site "Chess.com"]
[Date "2020.06.02"]
[Round "5"]
[White "Spartakus1975"]
[Black "Diego_FloresQ"]
[Result "1-0"]
[WhiteElo "2692"]
[BlackElo "2433"]
[TimeControl "180+1"]
[EndTime "10:58:35 PDT"]
[Termination "Spartakus1975 won on time"]

1. e4 c5 2. c3 Nf6 3. e5 Nd5 4. Nf3 e6 5. d4 cxd4 6. cxd4 d6 7. Bc4 Be7 8. O-O O-O 9. Qe2 Bd7 10. Nbd2 Bc6 11. Ne4 Nb4 12. Neg5 h6 13. Nh3 Bxf3 14. Qxf3 N8c6 15. Be3 dxe5 16. Rad1 exd4 17. a3 Nd5 18. Bxd4 Nxd4 19. Rxd4 Qb6 20. Rfd1 Qxb2 21. Bxd5 exd5 22. Nf4 Rad8 23. Nxd5 Qxa3 24. Qxa3 Bxa3 25. Nf6+ gxf6 26. Rxd8 b6 27. R8d7 a5 28. Ra7 Bc5 29. Rdd7 Kg7 30. g3 Kg6 31. Kg2 f5 32. Kf3 Kf6 33. h4 Kg6 34. Kg2 Kf6 35. f3 Kg6 36. Kh3 h5 37. g4 fxg4+ 38. fxg4 hxg4+ 39. Kxg4 f5+ 40. Kf4 Kf6 41. Rac7 Ke6 42. Rg7 1-0

[Event "*** SCC Grand Prix: Titled Tuesday Blitz"]
[Site "Chess.com"]
[Date "2020.06.02"]
[Round "5"]
[White "sotochess"]
[Black "ENEASZ"]
[Result "0-1"]
[WhiteElo "2234"]
[BlackElo "2482"]
[TimeControl "180+1"]
[EndTime "10:58:35 PDT"]
[Termination "ENEASZ won on time"]

1. e4 g6 2. d4 Bg7 3. Nc3 a6 4. Be3 d6 5. f3 b5 6. Qd2 Nd7 7. h4 h5 8. Nh3 Bb7 9. O-O-O e6 10. Ng5 Ngf6 11. Kb1 Nb6 12. b3 b4 13. Ne2 a5 14.
Nf4 Nfd7 15. Nfxe6 fxe6 16. Nxe6 Qe7 17. Nxc7+ Kf7 18.
Bg5 Bf6 19. Nxa8 Rxa8 20. Qf4 Kg7 21. g4 Rh8 22. gxh5 Rxh5 23. Rg1 Bxg5 24. hxg5 Nf8 25.
Qe3 d5 26. Be2 dxe4 27. d5 Nbd7 28. fxe4 Rh4 29. Bd3 Qe5 30. Rdf1 Bxd5 31. Qf2 Rh2 32. Qa7 Be6 33. Re1 Kg8 34. Rgf1 Rh7 35. Qf2 Rf7 36. Qd2 Rxf1 37. Rxf1 Nc5 38. Qe3 a4 39. Rf6 a3 40.
Qc1 Kg7 41. Rf3 Nfd7 42. Rf1 Qc3 0-1

[Event "*** SCC Grand Prix: Titled Tuesday Blitz"]
[Site "Chess.com"]
[Date "2020.06.02"]
[Round "5"]
[White "chessdude"]
[Black "AlexanderL"]
[Result "1-0"]
[WhiteElo "2636"]
[BlackElo "2804"]
[TimeControl "180+1"]
[EndTime "10:58:36 PDT"]
[Termination "chessdude won by resignation"]

1. e4 e6 2. d4 d5 3. Nd2 dxe4 4. Nxe4 Nd7 5. Bd3 Ngf6 6. Qe2 Nxe4 7. Bxe4 c5 8. Nf3 Be7 9. Be3 O-O 10. O-O-O Qa5 11.
Kb1 Nf6 12. Bd3 cxd4 13. Bxd4 Rd8 14. g4 Bd7 15. g5 Nh5 16. Bc3 Qc5 17. Qe4 g6 18. Ne5 Bc6 19. Nxc6 bxc6 20. h4 Rab8 21. Ka1 Bf8 22. Qe5 Qxe5 23. Bxe5 Ra8 24. Be4 Bg7 25.
Bxg7 Kxg7 26. Bxc6 Rac8 27. Be4 Nf4 28. Kb1 h6 29. c3 hxg5 30. hxg5 Rxd1+ 31. Rxd1 Nh3 32. Rd7 Nxf2 33. Bc2 a5 34. b4 Rxc3 35. b5 Rc4 36. a3 Ne4 37. Bxe4 Rxe4 38. b6 Re5 39. b7 Rb5+ 40. Kc2 e5 41. Kc3 a4 42. Kc4 Rb3 43. Kd5 Rb5+ 44. Kc6 Rb3 45. Rd8 Rc3+ 46. Kb6 Rb3+ 47.
Ka6 1-0

[Event "*** SCC Grand Prix: Titled Tuesday Blitz"]
[Site "Chess.com"]
[Date "2020.06.02"]
[Round "5"]
[White "Firegrizzly"]
[Black "Terao90"]
[Result "0-1"]
[WhiteElo "2580"]
[BlackElo "2309"]
[TimeControl "180+1"]
[EndTime "10:58:36 PDT"]
[Termination "Terao90 won by resignation"]

1. d4 Nf6 2. Nf3 e6 3. Bg5 b6 4. e4 h6 5. Bxf6 Qxf6 6. Nbd2 Bb7 7. c3 Qd8 8. g3 d6 9. Bg2 Nd7 10. O-O Be7 11. Re1 O-O 12. a4 a6 13. h4 c5 14. Nf1 Nf6 15. N1d2 Rc8 16. Qe2 cxd4 17. Nxd4 Qc7 18. g4 Nd7 19. N2f3 Nc5 20. g5 Nxe4 21.
gxh6 g6 22. h5 gxh5 23. Nh4 Bxh4 24. Bxe4 Bf6 25. Qxh5 Kh8 26. Nf3 Rg8+ 27. Kh1 d5 28.
Bd3 d4 29. Be4 dxc3 30. bxc3 Qe7 31. Rac1 Rc5 32. Qh3 Rc4 33. Nd2 Rxa4 34. Qf3 Bg5 35. Rg1 Bxd2 36. Rxg8+ Kxg8 37. Bxb7 Rh4+ 38. Kg1 Qg5+ 39.
Kf1 Bxc1 40. Bxa6 Rxh6 41. Bd3 Rf6 42. Qa8+ Kg7 43. Qe4 Qf5 44. Qg2+ Rg6 45. Bxf5 Rxg2 46. Kxg2 exf5 47. Kf3 Ba3 48. Ke2 Bc5 49. Kd3 Kf6 50. f3 Ke5 51. Kc4 Kf4 52. Kd5 Kxf3 53. Ke5 f4 54. Kf5 Ke3 55. Kf6 f3 56. Kxf7 f2 57.
Ke6 f1=Q 0-1

[Event "*** SCC Grand Prix: Titled Tuesday Blitz"]
[Site "Chess.com"]
[Date "2020.06.02"]
[Round "5"]
[White "Makswolf200817"]
[Black "Harry_Rakkel"]
[Result "1-0"]
[WhiteElo "2392"]
[BlackElo "2516"]
[TimeControl "180+1"]
[EndTime "10:58:36 PDT"]
[Termination "Makswolf200817 won by resignation"]

1. Nf3 d5 2. e3 Nf6 3. c4 c6 4. Nc3 e6 5. b3 Bd6 6. Bb2 O-O 7.
d4 Nbd7 8. Bd3 Qe7 9. Qc2 dxc4 10. Bxc4 e5 11. O-O e4 12. Nd2 Bxh2+ 13. Kxh2 Ng4+ 14.
Kg3 Qd6+ 15. f4 Nxe3 16. Qxe4 Nxf1+ 17. Rxf1 Nf6 18. Qd3 b5 19. Nxb5 cxb5 20. Bxb5 Bb7 21. Bc4 Bd5 22. Rh1 h6 23. Qe3 Rfe8 24. Qf2 Qe6 25.
Rc1 Rad8 26. Bb5 Re7 27. Ba3 Rb7 28. Bd3 Qg4+ 29. Kh2 Qh5+ 30. Kg1 Rb6 31. Rc5 Re8 32. Nf1 Rbe6 33. Bc4 Re1 34. Bb4 Ra1 35. a4 Re4 36.
Qb2 Rd1 37. Bxd5 Nxd5 38. Qc2 Nf6 39. Rxh5 Rxf4 40. Qxd1 Nxh5 41. Qxh5 Rxd4 42. Qc5 Rd7 43. Qc8+ Rd8 1-0

[Event "*** SCC Grand Prix: Titled Tuesday Blitz"]
[Site "Chess.com"]
[Date "2020.06.02"]
[Round "5"]
[White "Igrok3069"]
[Black "swisspower96"]
[Result "1-0"]
[WhiteElo "2757"]
[BlackElo "2560"]
[TimeControl "180+1"]
[EndTime "10:58:37 PDT"]
[Termination "Igrok3069 won by checkmate"]

1. d4 Nf6 2. c4 e6 3. Nc3 Bb4 4. Qc2 O-O 5. a3 Bxc3+ 6. Qxc3 d5 7. Bg5 b6 8. cxd5 exd5 9. e3 Nbd7 10. Qc6 Rb8 11.
Bf4 Bb7 12. Qxc7 Qxc7 13. Bxc7 Rbc8 14. Bd6 Rfe8 15. Bd3 Ne4 16. Bg3 b5 17. Bxb5 Bc6 18.
Ba6 Rcd8 19. Bc7 Ra8 20. Nf3 Nb6 21. Bxb6 axb6 22. Bd3 f6 23. Rc1 Ba4 24. O-O Nd6 25. Nd2 Ra7 26. Rc3 Bb5 27. Bxb5 Nxb5 28. Rc6 Rb7 29.
Rfc1 Ree7 30. Nb1 Kf7 31. h4 h5 32. Kf1 Red7 33. Rc8 Nd6 34. R8c6 Nf5 35. g3 Ne7 36. R6c2 Nf5 37. Nc3 g5 38. hxg5 fxg5 39. Nb5 h4 40. gxh4 gxh4 41. Rc6 Rd8 42. Rc7+ Rxc7 43. Rxc7+ Kg6 44.
Kg2 Ng7 45. Rc6+ Kf5 46. Nd6+ Kg4 47. f3+ Kh5 48. Nf7 Rg8 49. Rh6# 1-0

[Event "*** SCC Grand Prix: Titled Tuesday Blitz"]
[Site "Chess.com"]
[Date "2020.06.02"]
[Round "5"]
[White "mbachez"]
[Black "Djager97"]
[Result "1-0"]
[WhiteElo "2534"]
[BlackElo "2377"]
[TimeControl "180+1"]
[EndTime "10:58:37 PDT"]
[Termination "mbachez won on time"]

1. e4 e5 2. Nf3 Nc6 3. Bb5 a6 4. Ba4 Nf6 5. d3 Bc5 6. c3 d6 7. h3 O-O 8. O-O b5 9. Bb3 h6 10. Qe2 Bb6 11. Nbd2 Ne7 12. Rd1 Ng6 13. Nf1 Nh5 14. d4 Nhf4 15. Qe1 Qf6 16. N1h2 c5 17. dxe5 dxe5 18. c4 h5 19. Be3 Bb7 20. Bc2 Rad8 21.
Qf1 b4 22. g3 Ne6 23. Rd5 Bxd5 24. exd5 Nd4 25. Be4 Rd7 26. Qd3 Qd6 27. Bf5 Nxf5 28. Qxf5 h4 29. Qh5 Re8 30. Ng5 Nf8 31. Qxh4 Qg6 32.
g4 f6 33. Ngf3 Qe4 34. b3 a5 35. Nd2 Qd3 36. g5 f5 37. Ndf1 f4 38. Bd2 Ng6 39.
Qh5 Qf5 40. Ng4 e4 41. Re1 1-0

[Event "*** SCC Grand Prix: Titled Tuesday Blitz"]
[Site "Chess.com"]
[Date "2020.06.02"]
[Round "5"]
[White "doons21"]
[Black "Biranidun"]
[Result "0-1"]
[WhiteElo "2493"]
[BlackElo "2711"]
[TimeControl "180+1"]
[EndTime "10:58:38 PDT"]
[Termination "Biranidun won by resignation"]

1. e4 c5 2. c3 Nf6 3. e5 Nd5 4. d4 cxd4 5. Nf3 Nc6 6. Bc4 Nb6 7. Bb3 d5 8. exd6 Qxd6 9. O-O Be6 10. Bxe6 Qxe6 11. Nxd4 Nxd4 12. Qxd4 Rd8 13. Qb4 Qc6 14. Qb3 e6 15. Nd2 Be7 16. Nf3 O-O 17. Bd2 Nc4 18.
Bf4 Bf6 19. Rad1 h6 20. Qc2 e5 21. Bg3 e4 22. Nd2 Nxd2 23. Rxd2 Rxd2 24. Qxd2 Rd8 25. Qe2 Qd5 26. h3 Qxa2 27. Qxe4 Qxb2 28. Rb1 Qxc3 29.
Rxb7 a5 30. Kh2 Qd4 31. Qb1 h5 32. Qa2 Qd5 33. Qb1 h4 34. Bf4 g5 35. Bb8 Kg7 36. Rb5 Qd2 37. Be5 Bxe5+ 38. Rxe5 Qf4+ 0-1

[Event "*** SCC Grand Prix: Titled Tuesday Blitz"]
[Site "Chess.com"]
[Date "2020.06.02"]
[Round "5"]
[White "Love_craft"]
[Black "barbara25"]
[Result "1-0"]
[WhiteElo "2460"]
[BlackElo "2223"]
[TimeControl "180+1"]
[EndTime "10:58:38 PDT"]
[Termination "Love_craft won by resignation"]

1. Nf3 Nf6 2. g3 e6 3. Bg2 d5 4. O-O c5 5. d3 Nc6 6. Nbd2 Bd6 7.
e4 Qc7 8. Re1 O-O 9. c3 e5 10.
exd5 Nxd5 11. Nc4 Re8 12. Ng5 Nf6 13. Nxd6 Qxd6 14. Ne4 Nxe4 15. dxe4 Qxd1 16. Rxd1 Be6 17. Be3 b6 18. Rd2 Rad8 19. f3 Rxd2 20. Bxd2 Rd8 21.
Be3 f6 22. Bf1 Kf7 23. Kf2 Ke7 24. b3 Nb8 25. Be2 Nc6 26. h4 Na5 27. f4 exf4 28. gxf4 c4 29. b4 Nb7 30. Rg1 Kf8 31. a4 Nd6 32. Bf3 f5 33. e5 Ne4+ 34. Bxe4 fxe4 35. Bd4 g6 36. Ke3 Bf5 37. Ra1 h5 38. a5 Rb8 39.
axb6 axb6 40. b5 Rb7 41. Ra8+ Ke7 42. Rh8 Ke6 43. Rc8 Kd5 44. Rc6 1-0

[Event "*** SCC Grand Prix: Titled Tuesday Blitz"]
[Site "Chess.com"]
[Date "2020.06.02"]
[Round "5"]
[White "vanyakuba"]
[Black "ARTHURMOTIVATOR"]
[Result "1-0"]
[WhiteElo "2456"]
[BlackElo "2213"]
[TimeControl "180+1"]
[EndTime "10:58:38 PDT"]
[Termination "vanyakuba won on time"]

1. e4 c6 2. d4 d5 3. exd5 cxd5 4. c4 Nf6 5. Nc3 g6 6. cxd5 Bg7 7. Qb3 O-O 8. g3 e6 9. dxe6 Bxe6 10. Qxb7 Nbd7 11. Bg2 Nb6 12. Nge2 Re8 13. O-O Bc8 14. Qc6 Ba6 15. Be3 Rc8 16. Qf3 Nc4 17. b3 Nd6 18. Rad1 Nf5 19.
Rfe1 Nxe3 20. fxe3 Qe7 21. e4 Bb7 22. Nf4 Qb4 23. Na4 Nxe4 24. h3 Bxd4+ 25. Kh2 Bg7 26.
Nd5 Bxd5 27. Rxd5 Nd2 28. Rd1 Nxf3+ 29. Bxf3 1-0

[Event "*** SCC Grand Prix: Titled Tuesday Blitz"]
[Site "Chess.com"]
[Date "2020.06.02"]
[Round "5"]
[White "yonaltimur"]
[Black "checkmatequen"]
[Result "0-1"]
[WhiteElo "1494"]
[BlackElo "2264"]
[TimeControl "180+1"]
[EndTime "10:58:38 PDT"]
[Termination "checkmatequen won on time"]

1. e4 c5 2. Nf3 e6 3. d4 cxd4 4.
Nxd4 a6 5. Bd3 Nc6 6. Nxc6 dxc6 7.
O-O e5 8. Be3 Nf6 9. f3 Be7 10.
Nd2 Nh5 11. Nc4 Bg5 12. Bf2 Qf6 13. Bc5 Nf4 14. Nd6+ Kd7 15. Bc4 Kc7 16. Nxf7 Re8 17. Bd6+ Kb6 18. Qe1 c5 19. b4 Be6 20. bxc5+ Kc6 21.
Bxe6 Nxe6 22. Qa5 Be3+ 23. Kh1 Qxf7 24. Qb6+ Kd7 25. Qxb7+ Nc7 26. Qxc7+ Ke6 27. Qc6 Rac8 28. Qd5+ Kf6 29. c4 Qxd5 0-1

[Event "*** SCC Grand Prix: Titled Tuesday Blitz"]
[Site "Chess.com"]
[Date "2020.06.02"]
[Round "5"]
[White "RestartingChess"]
[Black "KaterynaLagno"]
[Result "1/2-1/2"]
[WhiteElo "2495"]
[BlackElo "2671"]
[TimeControl "180+1"]
[EndTime "10:58:39 PDT"]
[Termination "Game drawn by repetition"]

1. e4 e5 2. Nf3 Nc6 3. Bc4 Bc5 4. c3 Nf6 5. O-O d6 6. d4 Bb6 7. Bg5 h6 8. Bh4 g5 9. Bg3 Bg4 10. dxe5 Bxf3 11. Qxf3 Nxe5 12. Bxe5 dxe5 13. Rd1 Qe7 14. Na3 O-O 15. h4 g4 16. Qg3 Rad8 17. Bd3 Rd7 18.
Nc4 Re8 19. Nxb6 axb6 20. h5 Red8 21. Be2 Rxd1+ 22. Rxd1 Rxd1+ 23. Bxd1 Qd7 24. Be2 Qd2 25. Bxg4 Nxe4 26. Qf3 Qe1+ 27. Kh2 Nxf2 28. Bf5 Qh1+ 29.
Kg3 Nd1 30. Bh7+ Kf8 31. Bg6 Qe1+ 32. Kh2 Qf2 33. Qxb7 Qh4+ 34. Kg1 Qe1+ 35. Kh2 fxg6 36. Qc8+ Kg7 37. Qxc7+ Kf6 38. Qd8+ Kf5 39. Qf8+ Ke4 40. hxg6 Qh4+ 41. Kg1 Qe1+ 42. Kh2 Qh4+ 43. Kg1 Qe1+ 44. Kh2 1/2-1/2

[Event "*** SCC Grand Prix: Titled Tuesday Blitz"]
[Site "Chess.com"]
[Date "2020.06.02"]
[Round "5"]
[White "Ginzburg_Yakov"]
[Black "I_Hit_18K_on_BS"]
[Result "1-0"]
[WhiteElo "2333"]
[BlackElo "2090"]
[TimeControl "180+1"]
[EndTime "10:58:39 PDT"]
[Termination "Ginzburg_Yakov won by checkmate"]

1. e4 c5 2. Nf3 d6 3. c3 Nf6 4. Be2 g6 5. O-O Bg7 6. Bb5+ Nbd7 7. Re1 a6 8. Bf1 O-O 9. d4 cxd4 10. cxd4 b5 11. a4 bxa4 12. Qxa4 Bb7 13. Nc3 Qc7 14. Bf4 e5 15. dxe5 Nxe5 16. Nxe5 dxe5 17. Bg3 Rfe8 18.
Qa5 Qxa5 19. Rxa5 Nd7 20. Nd5 Bxd5 21. exd5 Nb6 22. d6 Bf8 23. Rexe5 Rxe5 24. Bxe5 Nc8 25. Rd5 Nb6 26. Ra5 Nc8 27. d7 Nb6 28. d8=Q Rxd8 29.
Bc7 Rd1 30. Bxb6 Bb4 31. Rxa6 Rb1 32. g3 f5 33. Kg2 Rxb2 34. Bc4+ Kg7 35. Bd4+ Kh6 36.
Bxb2 Be7 37. Ra7 Bg5 38. Bg7+ Kh5 39. Be2# 1-0

[Event "*** SCC Grand Prix: Titled Tuesday Blitz"]
[Site "Chess.com"]
[Date "2020.06.02"]
[Round "5"]
[White "Bigfish1995"]
[Black "chenxiaoyuer"]
[Result "1-0"]
[WhiteElo "2989"]
[BlackElo "2330"]
[TimeControl "180+1"]
[EndTime "10:58:40 PDT"]
[Termination "Bigfish1995 won on time"]

1. e4 c5 2. f4 d5 3. Bb5+ Bd7 4. Bxd7+ Qxd7 5. exd5 Nf6 6. c4 g6 7. Nf3 Bg7 8. d4 cxd4 9. Qxd4 O-O 10. Nc3 e6 11. Ne5 Qe8 12. O-O exd5 13. cxd5 Ng4 14. Re1 Nd7 15.
Qd1 Ngxe5 16. fxe5 Nxe5 17. Bf4 Qe7 18. d6 Qe6 19. Nb5 Qc4 20. Bxe5 Qxb5 21. Bxg7 Kxg7 22. Qd4+ Kg8 23. Rad1 Rad8 24. d7 Qb6 25. Qxb6 axb6 26. Re7 Kg7 27. Rd6 b5 28. Rb6 Ra8 29. a3 Rfd8 30. Rxb7 Kf8 31. Re5 Ra6 32. Rd5 Ke7 33.
Kf2 Rd6 34. Rxd6 Kxd6 35. Rxb5 Rxd7 36. a4 Kc6 37. b3 Rd2+ 38. Kf3 f5 39. h4 Rd3+ 40.
Ke2 Rd4 41. g3 Re4+ 42. Kf3 Rd4 43. Re5 Rd3+ 44. Re3 Rd4 45. Rc3+ Kb6 46. Re3 Rg4 47. Re6+ Kc5 48. Re7 Rb4 49. Rxh7 Rxb3+ 50. Kg2 Rb4 51. Rg7 Rg4 52. Kf3 Kb4 53. Ra7 Kc5 54. Ra6 Kb4 55. Rf6 Kxa4 56. h5 gxh5 57. Rxf5 Rg8 58. Rxh5 Kb4 59. g4 Kc4 60. Kf4 Kd4 61. Rf5 Rh8 62. g5 Rh1 63. Kg4 Rg1+ 64. Kh5 Ke4 65. Ra5 Kf4 66. Kh6 1-0

[Event "*** SCC Grand Prix: Titled Tuesday Blitz"]
[Site "Chess.com"]
[Date "2020.06.02"]
[Round "5"]
[White "ninodg"]
[Black "mr65"]
[Result "1-0"]
[WhiteElo "2511"]
[BlackElo "2146"]
[TimeControl "180+1"]
[EndTime "10:58:40 PDT"]
[Termination "ninodg won by checkmate"]

1. e4 e5 2. Nf3 Nc6 3. Bb5 a6 4.
Ba4 Nf6 5. d3 b5 6. Bb3 Be7 7.
O-O O-O 8. Nc3 d6 9. a3 Bg4 10. Be3 Nd4 11. Bxd4 exd4 12. Nd5 c6 13. Nxf6+ Bxf6 14.
h3 Be6 15. Nd2 Be5 16. f4 Bf6 17. Qf3 Bxb3 18. cxb3 g6 19. b4 Bg7 20. Nb3 Rc8 21. Rac1 Qe7 22. e5 dxe5 23. f5 e4 24. dxe4 Be5 25.
Nc5 Ra8 26. f6 Qd6 27. Nd3 a5 28. Rc5 Rfe8 29. Qg4 Bxf6 30. Rcf5 Bg7 31. Rxf7 Rf8 32. Qf3 Rxf7 33. Qxf7+ Kh8 34. e5 Bxe5 35. Re1 Rf8 36. Nxe5 Qxe5 37. Qxf8# 1-0

[Event "*** SCC Grand Prix: Titled Tuesday Blitz"]
[Site "Chess.com"]
[Date "2020.06.02"]
[Round "5"]
[White "SketchyMoves"]
[Black "ram1zan"]
[Result "1-0"]
[WhiteElo "2648"]
[BlackElo "2833"]
[TimeControl "180+1"]
[EndTime "10:58:41 PDT"]
[Termination "SketchyMoves won by checkmate"]

1. e4 d5 2. exd5 Nf6 3. Nc3 Nxd5 4. g3 c5 5. Bg2 Nc7 6. Nge2 Nc6 7. d3 g6 8. Be3 Ne6 9. Ne4 Bg7 10. c3 Qa5 11. O-O O-O 12. Nxc5 Nxc5 13. Bxc6 Nxd3 14. Qxd3 bxc6 15.
Rfe1 Rd8 16. Qc4 Qd5 17. Qxd5 cxd5 18. Bc5 e5 19. f4 f6 20. Rad1 Bb7 21. fxe5 fxe5 22.
Nc1 Rac8 23. b4 Ba6 24. Nd3 e4 25. Nf4 Bc4 26. Bd4 Bxd4+ 27. Rxd4 Bxa2 28. Ra1 Bb3 29. Rxa7 Rxc3 30. b5 e3 31. b6 Bc4 32. b7 Rb3 33. Rxc4 dxc4 34. Ra8 Rf8 35. Ne6 e2 36. Rxf8# 1-0

[Event "*** SCC Grand Prix: Titled Tuesday Blitz"]
[Site "Chess.com"]
[Date "2020.06.02"]
[Round "5"]
[White "dolynachess"]
[Black "CzechmVIII"]
[Result "0-1"]
[WhiteElo "2347"]
[BlackElo "2182"]
[TimeControl "180+1"]
[EndTime "10:58:41 PDT"]
[Termination "CzechmVIII won by resignation"]

1. d4 Nf6 2. c4 c5 3. Nf3 cxd4 4. Nxd4 e5 5. Nb5 d5 6. cxd5 Bc5 7. N5c3 O-O 8. e3 e4 9. Nd2 Qe7 10. Qc2 Bf5 11. a3 a5 12. Be2 Rd8 13. g4 Nxg4 14.
Ndxe4 Ne5 15. Qa4 Bb6 16. Rg1 Nbd7 17. Bd2 Nc5 18. Nxc5 Bxc5 19. O-O-O Nd3+ 20. Bxd3 Bxd3 21. Qg4 Bg6 22. Nb1 Rac8 23. Bc3 b5 24. d6 Qe6 25.
Qxe6 fxe6 26. d7 Ra8 27. Rd2 b4 28. axb4 axb4 29. Be5 Ra7 30. f3 Raxd7 31. Rxd7 Rxd7 32. Re1 Rd3 33. Bd4 Bxd4 34. exd4 Rxf3 35. Rxe6 Rf1+ 36. Kd2 Rxb1 37. Rb6 Rxb2+ 38. Ke3 b3 39. Kf4 Rf2+ 40. Ke5 b2 41. d5 b1=Q 42. Rxb1 Bxb1 0-1

[Event "*** SCC Grand Prix: Titled Tuesday Blitz"]
[Site "Chess.com"]
[Date "2020.06.02"]
[Round "5"]
[White "vasblesk"]
[Black "Vision_64"]
[Result "1-0"]
[WhiteElo "2400"]
[BlackElo "2143"]
[TimeControl "180+1"]
[EndTime "10:58:41 PDT"]
[Termination "vasblesk won on time"]

1. e4 c5 2. Nf3 Nc6 3. Bb5 g6 4. Bxc6 dxc6 5. d3 Bg7 6. O-O e5 7. h3 Ne7 8. Be3 b6 9. Nbd2 Qc7 10. a4 a5 11. Nc4 O-O 12. b3 f5 13. Qe2 Ba6 14. Bd2 Bxc4 15. bxc4 Rad8 16. Rae1 fxe4 17. Qxe4 Nf5 18. Bc3 Nd4 19. Bxd4 exd4 20. Qe7 Qf4 21. Qe6+ Kh8 22. Qxc6 Rd6 23. Qe4 Qf6 24. Qe7 Qf4 25. Re4 Qf6 26. Qxf6 Rdxf6 27. Rfe1 h6 28. R1e2 Kh7 29.
Re6 Rxe6 30. Rxe6 Rf6 31. Re7 Kg8 32. Ne5 g5 33. Rb7 Re6 34. Nd7 Re1+ 35. Kh2 Re2 36. Rxb6 Rxc2 37. Kg3 1-0

[Event "*** SCC Grand Prix: Titled Tuesday Blitz"]
[Site "Chess.com"]
[Date "2020.06.02"]
[Round "5"]
[White "tamarozi99"]
[Black "DanielTitichoca"]
[Result "0-1"]
[WhiteElo "2024"]
[BlackElo "2311"]
[TimeControl "180+1"]
[EndTime "10:58:42 PDT"]
[Termination "DanielTitichoca won on time"]

1. e4 c5 2. Nf3 d6 3. d4 cxd4 4. Nxd4 Nf6 5. Nc3 g6 6. Be3 Bg7 7. Be2 O-O 8. O-O Nc6 9. Nb3 a6 10. a4 Be6 11. f4 Rc8 12. f5 Bxb3 13. cxb3 Ne5 14. h3 Qa5 15. g4 Rxc3 16. bxc3 Nxe4 17. b4 Qc7 18. Rc1 Nxc3 19. Qc2 Nxe2+ 20. Qxe2 Qd7 21.
a5 Nc6 22. Qd2 Rd8 23. fxg6 hxg6 24. Qf2 Rf8 25. Qd2 Qe6 26. Bh6 Ne5 27. Bxg7 Kxg7 28. Rce1 Rh8 29. Qc3 f6 30. Kh2 Nxg4+ 31. Kg3 Ne5 32.
Rh1 Qf5 33. Ref1 Qg5+ 34. Kf2 Rh4 35. Qg3 Qd2+ 36. Kg1 Re4 37. Rh2 Qd4+ 38. Rhf2 g5 39. Kg2 Nd3 40. Rf3 Re2+ 41. Kh1 Qe4 42. h4 g4 0-1